 Dungeon Crawl Stone Soup version 0.23-a0-49-gd9f7a49668 (webtiles) character file.

45 RedPan the Sneak (level 3, -6/28 HPs)
             Began as a Naga Enchanter on Aug 7, 2018.
             Mangled by a centaur (7 damage)
             ... on level 2 of the Dungeon.
             The game lasted 00:05:33 (2036 turns).

RedPan the Sneak (Naga Enchanter)                   Turns: 2036, Time: 00:05:34

Health: -6/28      AC:  2    Str: 15    XL:     3   Next: 64%
Magic:  6/6        EV: 10    Int: 15    God:
Gold:   35         SH:  0    Dex: 12    Spells: 4/6 levels left

rFire    . . .     SeeInvis +   a - +2 dagger
rCold    . . .     Gourm    .   (no shield)
rNeg     . . .     Faith    .   k - +0 robe (curse)
rPois    +         Spirit   .   (no helmet)
rElec    .         Reflect  .   (no cloak)
rCorr    .         Harm     .   (no gloves)
MR       .....                  (no barding)
Stlth    +++.......             (no amulet)
HPRegen  0.09/turn              (no ring)
MPRegen  0.10/turn              (no ring)

@: mighty, short of breath, flying, very slow
A: large, see invisible, deformed body, poison resistance, slowness 2, slow
metabolism 1, spit poison 1, AC +1
a: Spit Poison


You were on level 2 of the Dungeon.
You were not hungry.

You visited 1 branch of the dungeon, and saw 2 of its levels.

You collected 35 gold pieces.

Inventory:

Hand Weapons
 a - a +2 dagger (weapon)
Armour
 k - a cursed +0 robe (worn)
Scrolls
 f - a scroll of remove curse {unknown}
 h - a scroll of immolation {unknown}
Comestibles
 d - 4 rations
 g - 4 chunks of flesh


   Skills:
 + Level 1.6 Short Blades
 - Level 1.5 Dodging
 * Level 5.6 Stealth
 + Level 2.3 Spellcasting
 + Level 3.3 Hexes


You had 4 spell levels left.
You knew the following spells:

 Your Spells              Type           Power        Failure   Level  Hunger
b - Ensorcelled Hibernat  Hex/Ice        #.....       16%         2    ###....

Your spell library contained the following spells:

 Spells                   Type           Power        Failure   Level  Hunger
 Confuse                  Hex            ##......     17%         3    ###....
 Tukima's Dance           Hex            ##......     17%         3    ###....
 Corona                   Hex            ##.....      5%          1    #......
 Dazzling Spray           Conj/Hex       #.....       32%         3    ###....


Dungeon Overview and Level Annotations

Branches:
Dungeon (2/15)

Altars:


Innate Abilities, Weirdness & Mutations

You cannot wear boots.
Your serpentine skin is tough. (AC +1)
You have supernaturally acute eyesight. (SInv)
Armour fits poorly on your strangely shaped body.
Your system is resistant to poisons. (rPois)
You cover ground very slowly.
You have a slow metabolism.
You can spit poison.


Message History

You feel very buoyant.
You fly up into the air.
The centaur hits you.
* * * LOW HITPOINT WARNING * * *
It was a potion of might.
You feel very mighty all of a sudden.
You have got your breath back.
The centaur hits you but does no damage. x2
You completely miss the centaur. The centaur hits you!
* * * LOW HITPOINT WARNING * * *
You feel better. The centaur barely misses you.
You puncture the centaur!
The centaur is heavily wounded.
The centaur misses you. The centaur hits you.
* * * LOW HITPOINT WARNING * * *
Press: ? - help, Shift-Dir - straight line, f/p - centaur
Aim: a centaur (heavily wounded)
The splash of poison hits the centaur.
The centaur is poisoned.
The centaur is heavily wounded.
You feel slightly more hungry. The centaur hits you!
You die...

#.#.###########
.. #.#.# ...#
#.#.. ##
..?..###(###..#
#......###.#####
####............
###..........
#.(........
###@.......
#c.......
#........
#########


You could see a centaur.

Vanquished Creatures
  An adder (D:2)
  A worm (D:2)
  3 giant cockroaches
  6 goblins
  3 hobgoblins (D:1)
  4 kobolds (D:1)
  A quokka (D:2)
  6 bats
  A frilled lizard (D:1)
  4 rats (D:2)
30 creatures vanquished.

Vanquished Creatures (others)
  A hobgoblin (D:1)
1 creature vanquished.

Grand Total: 31 creatures vanquished

Notes
Turn   | Place    | Note
-------+----------+-------------------------------------------
     0 | D:1      | RedPan the Naga Enchanter began the quest for the Orb.
     0 | D:1      | Reached XP level 1. HP: 15/15 MP: 3/3
   589 | D:1      | Reached XP level 2. HP: 6/22 MP: 5/5
   860 | D:1      | Learned a level 2 spell: Ensorcelled Hibernation
  1036 | D:1      | Reached skill level 5 in Stealth
  1498 | D:1      | Reached XP level 3. HP: 22/28 MP: 6/6
  2022 | D:2      | Noticed a centaur
  2033 | D:2      | HP: 1/28 [centaur (7)]
  2036 | D:2      | Mangled by a centaur

Vault maps used:
D:1:      tarquinn_simple_flora_water_a, lemuel_old_faithful
D:2:      lemuel_coloured_pillars_altar, first_ration

Skill      XL: |  1  2 |
---------------+-------+-----
Stealth        | 5 |  5.6
Short Blades   | |  1.6
Dodging        | |  1.5
Spellcasting   | |  2.3
Hexes          | |  3.3

Action                   || total
-------------------------++-------
Melee: Dagger            ||    91
 Cast: Ensorcelled Hiber ||     2
 Abil: Spit Poison       ||     8
  Use: Scroll            ||     5
       Potion            ||     4
 Stab: Sleeping          ||    11
  Eat: Chunk             ||     3
Armor: Robe              ||    19
Dodge: Dodged            ||    60

Table legend:
 A = Spawn XP
 B = Non-spawn XP
 C = Spawn XP percentage of total XP
 D = Spawn monster count
 E = Non-spawn monster count
 F = Spawn count percentage of total count
 G = Total turns spent on level
                    A         B        C        D         E        F      G
               +---------+---------+-------+---------+---------+-------+---------
         Total |       0 |      65 |   0.0 |       0 |      30 |   0.0 |  2036
               +---------+---------+-------+---------+---------+-------+---------
           D:1 |       0 |      35 |   0.0 |       0 |      20 |   0.0 |  1674
           D:2 |       0 |      30 |   0.0 |       0 |      10 |   0.0 |   362
               +---------+---------+-------+---------+---------+-------+---------
